 Dungeon Crawl Stone Soup version 0.28.0-53-g5a82cb258f (webtiles) character file.

Game seed: 11785074782925473971

184 Descartes the Shield-Bearer (level 5, 0/42 HPs)
             Began as a Formicid Fighter on July 23, 2022.
             Was an Initiate of Gozag.
             Killed by nerve-wracking pain
             ... invoked by Grinder
              (12 damage)
             ... on level 4 of the Dungeon.
             The game lasted 00:04:40 (2904 turns).

Descartes the Shield-Bearer (Formicid Fighter)      Turns: 2904, Time: 00:04:41

Health: 0/42       AC: 10    Str: 22    XL:     5   Next: 95%
Magic:  7/7        EV:  7    Int:  8    God:    Gozag
Gold:   78         SH:  5    Dex: 16    Spells: 7/7 levels left

rFire   . . .      SeeInvis +   a - +0 war axe
rCold   . . .      Faith    .   c - +0 buckler
rNeg    . . .      Spirit   .   n - +0 chain mail
rPois   .          Reflect  .   (helmet unavailable)
rElec   .          Harm     .   (no cloak)
rCorr   .          Rampage  .   (no gloves)
Will    .....                   p - +0 pair of boots
Stlth   ..........              (no amulet)
HPRegen 0.14/turn               s - +6 ring of dexterity
MPRegen 0.10/turn               (no ring)

@: mighty
A: permanent stasis, dig shafts and tunnels, antennae 3, four strong arms
a: Dig, Shaft Self, Renounce Religion, Potion Petition, Call Merchant, Bribe
Branch


You were on level 4 of the Dungeon.
You worshipped Gozag.
Gozag was noncommittal.
You visited 2 branches of the dungeon, and saw 5 of its levels.

You collected 117 gold pieces.
You paid 39 gold pieces to Gozag.

Inventory:

Hand Weapons
 a - a +0 war axe (weapon)
 v - a +1 mace of holy wrath
Missiles
 g - 19 arrows
 i - 98 stones
 m - 2 atropa-tipped darts
 r - 4 boomerangs
Armour
 c - a +0 buckler (worn)
 n - a +0 chain mail (worn)
 p - a +0 pair of boots (worn)
Jewellery
 s - a +6 ring of dexterity (left hand)
Wands
 l - a wand of polymorph (9)
Scrolls
 e - a scroll of enchant weapon {unknown}
 f - a scroll of magic mapping {unknown}
 j - a scroll of vulnerability {unknown}
 k - a scroll of immolation {unknown}
 o - 4 scrolls of teleportation {unknown}
 q - a scroll of brand weapon {unknown}
 t - a scroll of blinking {unknown}
 u - a scroll of identify {unknown}
 w - a scroll of torment {unknown}
Potions
 b - a potion of brilliance {unknown}
 x - a potion of attraction {unknown}
 z - a potion of heal wounds {unknown}


   Skills:
 + Level 4.1 Fighting
 + Level 2.8 Axes
 + Level 4.0 Armour
 + Level 4.4 Shields
 + Level 1.9 Spellcasting
 + Level 1.7 Translocations


You had 7 spell levels left.
You didn't know any spells.
Your spell library contained the following spells:

 Spells                   Type           Power      Damage    Failure   Level
 Magic Dart               Conj           0%         1d3       98%         1
 Shock                    Conj/Air       0%         1d3       98%         1
 Searing Ray              Conj           0%         2d4       99%         2
 Airstrike                Air            0%         N/A       100%        4
 Fulminant Prism          Conj/Hex       0%         3d6       100%        4
 Swiftness                Air            Unusable   N/A       N/A         3

Dungeon Overview and Level Annotations

Branches:
Dungeon (4/15)             Temple (1/1) D:4

Altars:
Ashenzari
Cheibriados
Dithmenos
Gozag
Hepliaklqana
Kikubaaqudgha
Nemelex Xobeh
Okawaru
Qazlal
Ru
Sif Muna
Uskayaw
Wu Jian
Xom
Yredelemnul
Zin
The Shining One

Annotations:
D:4 Dowan, Duvessa, Grinder


Innate Abilities, Weirdness & Mutations

You cannot be hasted, slowed, berserked, paralysed or teleported.
You can dig through walls and to a lower floor.
You have a pair of large antennae on your head. (SInv)
Your four strong arms can wield two-handed weapons with a shield.


Message History

Grinder is severely wounded.
Grinder says, "Don't move a muscle."
Grinder barely misses you.
The iguana hisses menacingly.
Grinder hits you.
* * * LOW HITPOINT WARNING * * *
You writhe in agony.
* * * LOW HITPOINT WARNING * * *
You barely miss Grinder.
Grinder is severely wounded.
The iguana is distracted by your dazzling golden aura.
Grinder is distracted by your dazzling golden aura.
You barely miss Grinder.
Grinder is no longer distracted by gold.
Grinder shouts!
Grinder is severely wounded.
The iguana hisses angrily.
Grinder hits you.
* * * LOW HITPOINT WARNING * * *
It was a potion of curing.
You feel better. Grinder gestures at you. Pain shoots through your body!
* * * LOW HITPOINT WARNING * * *
You feel better.
The iguana is no longer distracted by gold.
Grinder blinks!
You feel very mighty all of a sudden. Grinder gestures at you.
Your stasis prevents you from being paralysed.
The iguana bites you but does no damage.
You slash Grinder!
Grinder is almost dead.
You hit the iguana. Grinder gestures at you.
You struggle to resist.
The iguana bites you but does no damage.
Grinder gestures at you. Pain shoots through your body!
You die...
Your body crumbles into a pile of gold.

...##.......). ....
................ ...# ..
.###...>....≈ ...##....#
#.<.....≈§
..>......##...#.##≈§ ....
#..#....#.##≈≈ .. ..#
......#.....≈ .... #l##
##...........
.....##@.#####..........
......5..##.##.......#.#
...###...............###
... ####..#..........#. .5
#..#####......... .. ###
#..# #.......##
####.#..####.. #..#...###
###...{......... .......##
#
....................#....#
#


You could see Grinder and an iguana.

Vanquished Creatures
  A hound (D:4)
  2 orc wizards (D:3)
  4 gnolls (D:2)
  A worm (D:2)
  2 dart slugs
  2 orcs (D:3)
  4 endoplasms
  4 giant cockroaches
  9 hobgoblins
  3 jackals (D:3)
  3 quokkas (D:1)
  4 ball pythons
  5 bats
  5 frilled lizards
  3 goblins
  2 kobolds (D:1)
  5 rats
59 creatures vanquished.

Notes
Turn   | Place    | Note
-------+----------+-------------------------------------------
     0 | D:1      | Descartes the Formicid Fighter began the quest for the Orb.
     0 | D:1      | Reached XP level 1. HP: 18/18 MP: 1/1
   201 | D:1      | Reached XP level 2. HP: 24/24 MP: 2/2
   500 | D:1      | Found a faded altar of an unknown god.
   543 | D:1      | Reached XP level 3. HP: 28/29 MP: 4/4
  1122 | D:2      | Reached skill level 1 in Spellcasting
  1123 | D:2      | Reached XP level 4. HP: 28/37 MP: 5/5
  1127 | D:2      | Reached skill level 1 in Translocations
  1909 | D:3      | Reached XP level 5. HP: 39/42 MP: 7/7
  2018 | D:3      | Found a stormy altar of Qazlal.
  2595 | D:4      | Noticed Duvessa
  2595 | D:4      | Noticed Dowan
  2596 | D:4      | Noticed Grinder
  2637 | D:4      | Found a staircase to the Ecumenical Temple.
  2667 | Temple   | Entered the Ecumenical Temple
  2842 | Temple   | Became a worshipper of Gozag Ym Sagoz the Greedy
  2901 | D:4      | HP: 2/42 [Grinder/nerve-wracking pain (8)]
  2904 | D:4      | Killed from afar by Grinder

Illustrated notes

Levels and vault maps discovered:
D:1:      kennysheep_arrival_seaside, layout_basic, basic_ecumenical_altar,
          minmay_misc_feat_five, minmay_tromino_v2
D:2:      layout_loops_ring, serial_bayou_pond_a, minmay_misc_feat_chi,
          hangedman_abyss_or_decor_stabs, serial_park_tiny_pond,
          minmay_misc_feat_rows
D:3:      layout_basic, mainiacjoe_overflow_tiny_flanked, minmay_misc_feat_doors
D:4:      layout_cave_pools, minmay_temple_entry_mist, uniq_duvessa, uniq_ijyb,
          uniq_grinder
Temple:   eino_temple_rhombus

Skill      XL: |  1  2  3  4  5 |
---------------+----------------+-----
Shields        | 4 |  4.4
Spellcasting   | 1 |  1.9
Translocations | 1 |  1.7
Fighting       | 4 |  4.1
Armour         | 4 |  4.0
Axes           | |  2.8

Action                   |  1- 3 |  4- 6 || total
-------------------------+-------+-------++-------
Melee: War axe           |    75 |    90 ||   165
  Use: Potion            |       |     3 ||     3
Armor: Scale mail        |    22 |       ||    22
       Chain mail        |     8 |    47 ||    55
Dodge: Dodged            |    36 |    38 ||    74
Block: Buckler           |    13 |    15 ||    28
